Map: Arctic Gates

Players

ILIEKEGGPIE - Winner!

  • Race: Protoss Protoss
  • League: Platinum
  • Spawn Location: 0:00

kuker - Winner!

  • Race: Zerg Zerg
  • Spawn Location: 3:00

Algernon

  • Race: Protoss Protoss
  • Spawn Location: 9:00

lolo

  • Race: Terran Terran
  • Spawn Location: 0:00

VOD

Have the link to the VOD?

Description

Time

  • Played on: April 15, 2018, 7:03 a.m.
  • Length: 11:02
Show
View Real Time Build Order
Export as new Build Order

ILIEKEGGPIE Protoss - Winner!

Build Orders: Double Forge, Phoenix Opening 

Get SALT Encoding   

  12  0:01  Probe  
  13  0:13  Probe  
  14  0:18  Pylon  
  14  0:25  Probe  
  15  0:37  Probe  
  15  0:38  Gateway  
  16  0:44  Assimilator  
  16  0:49  Probe  
  17  0:54  Assimilator  
  17  1:01  Probe (Chrono Boost)  
  18  1:08  Pylon  
  19  1:11  Probe (Chrono Boost)  
  19  1:18  Probe (Chrono Boost)  
  20  1:26  Probe (Chrono Boost)  
  20  1:29  Cybernetics Core  
  21  1:34  Probe  
  22  2:06  Stargate  
  22  2:13  Gateway  
  22  2:14  Gateway  
  22  2:17  Warp Gate  
  22  2:38  Nexus  
  22  2:49  Phoenix  
  24  3:06  Stalker x2  
  28  3:14  Phoenix  
  30  3:35  Pylon  
  30  3:52  Phoenix (Chrono Boost)  
  30  3:53  Stalker  
  34  3:56  Nexus  
  34  4:02  Pylon  
  34  4:04  Stalker  
  36  4:10  Stalker  
  38  4:23  Zealot  
  40  4:28  Probe (Chrono Boost)  
  42  4:39  Probe (Chrono Boost)  
  42  4:44  Probe (Chrono Boost)  
  42  4:45  Stalker  
  45  4:50  Forge  
  45  4:59  Forge  
  45  5:10  Probe (Chrono Boost)  
  47  5:15  Probe (Chrono Boost)  
  47  5:19  Probe (Chrono Boost)  
  48  5:23  Probe (Chrono Boost)  
  48  5:25  Probe (Chrono Boost)  
  48  5:28  Phoenix  
  52  5:34  Probe (Chrono Boost)  
  54  5:43  Probe (Chrono Boost)  
  54  5:46  Probe (Chrono Boost)  
  54  5:48  Probe  
  55  5:54  Protoss Ground Weapons Level 1 (Chrono Boost)  
  55  5:56  Probe  
  57  6:00  Probe  
  58  6:04  Protoss Ground Armor Level 1 (Chrono Boost)  
  58  6:08  Assimilator  
  58  6:12  Assimilator, Probe  
  59  6:22  Probe  
  59  6:24  Probe  
  61  6:28  Robotics Facility, Twilight Council  
  61  6:34  Probe  
  62  6:41  Pylon  
  62  6:47  Pylon  
  62  6:59  Phoenix  
  62  7:00  Probe  
  65  7:11  Stalker x3  
  71  7:17  Charge (Chrono Boost)  
  71  7:18  Probe  
  71  7:19  Probe  
  71  7:22  Observer  
  74  7:30  Gateway  
  74  7:31  Probe  
  74  7:33  Gateway  
  75  7:38  Pylon  
  75  7:49  Phoenix (Chrono Boost)  
  75  7:50  Protoss Ground Armor Level 2 (Chrono Boost), Protoss Ground Weapons Level 2 (Chrono Boost)  
  77  8:05  Phoenix (Chrono Boost)  
  79  8:54  Zealot  
  79  8:55  Zealot x2  
  85  8:59  Pylon  
  85  9:05  Pylon  
  85  9:28  Gateway  
  85  9:31  Gateway  
  83  9:34  Gateway x2  
  76  10:01  Gateway  
  76  10:02  Gateway  
  76  10:04  Gateway  
  76  10:22  Pylon  
  76  10:25  Pylon  
  76  10:27  Pylon  
  76  10:39  Zealot x5  
  76  10:40  Zealot x4  
  76  10:42  Templar Archives  
  94  11:00  Pylon  
Show
View Real Time Build Order
Export as new Build Order

kuker Zerg - Winner!

Build Orders: Hatch First 

Get SALT Encoding   

  12  0:01  Drone  
  13  0:11  Drone  
  14  0:47  Hatchery  
  14  0:48  Drone  
  14  0:52  Overlord  
  14  1:08  Spawning Pool  
  13  1:11  Drone  
  13  1:17  Drone  
  15  1:25  Drone x2  
  17  1:33  Drone  
  18  1:58  Drone  
  19  2:02  Hatchery  
  19  2:07  Extractor x2  
  16  2:17  Drone x2  
  16  2:18  Drone  
  19  2:28  Drone  
  19  2:29  Drone  
  21  2:40  Roach Warren  
  21  2:42  Drone  
  21  2:43  Drone x3  
  24  2:51  Drone  
  24  2:55  Overlord  
  25  3:08  Drone  
  26  3:14  Drone x2  
  26  3:16  Drone  
  28  3:22  Drone  
  29  3:30  Roach  
  29  3:31  Roach  
  33  3:40  Queen  
  35  3:42  Drone  
  36  3:51  Drone x2  
  36  3:53  Hatchery  
  37  3:59  Drone x2  
  37  4:01  Drone x2  
  37  4:02  Drone  
  42  4:05  Extractor  
  42  4:06  Drone  
  42  4:11  Overlord  
  42  4:19  Lair  
  42  4:33  Drone x2  
  44  4:45  Spore Crawler  
  43  4:47  Spore Crawler  
  43  4:50  Spore Crawler, Drone x2  
  43  4:52  Drone x3  
  46  5:10  Roach x3  
  46  5:12  Roach x2  
  56  5:18  Evolution Chamber  
  56  5:20  Evolution Chamber  
  54  5:23  Drone x2  
  54  5:25  Drone, Extractor  
  54  5:27  Overlord  
  56  5:29  Overlord  
  56  5:45  Glial Reconstitution  
  56  5:48  Drone x5  
  61  5:58  Hatchery  
  61  6:01  Roach x2  
  64  6:04  Roach x3  
  64  6:05  Roach  
  72  6:17  Extractor  
  72  6:18  Drone  
  72  6:20  Burrow  
  72  6:22  Extractor  
  72  6:24  Overlord x2  
  72  6:25  Overlord x2  
  71  6:26  Zerg Ground Armor Level 1  
  71  6:27  Zerg Missile Weapons Level 1  
  71  6:46  Roach x2  
  71  6:47  Roach x2  
  79  6:48  Roach x5  
  87  7:04  Roach  
  87  7:05  Roach x2  
  93  7:09  Roach x2  
  93  7:11  Roach x2  
  93  7:13  Overseer  
  93  7:15  Overseer  
  101  7:19  Drone x3  
  104  7:24  Drone x2  
  106  7:48  Roach x2  
  110  7:55  Overlord x2  
  110  7:56  Overlord x2  
  110  7:58  Overlord x2  
  110  8:18  Drone x4  
  100  8:38  Hydralisk Den  
  99  8:41  Roach x3  
  99  8:42  Roach x2  
  99  8:43  Roach x6  
  109  8:56  Infestation Pit  
  108  9:07  Hydralisk  
  108  9:08  Hydralisk  
  108  9:09  Hydralisk x2  
  114  9:12  Hydralisk x3  
  114  9:13  Hydralisk x2  
  126  9:24  Drone x3  
  126  9:28  Extractor  
  126  9:30  Hydralisk x2  
  126  9:31  Hydralisk x2  
  132  9:34  Hydralisk x2  
  140  9:39  Drone  
  140  9:40  Drone x2  
  143  9:53  Hydralisk x2  
  143  9:54  Hydralisk  
  143  9:59  Hydralisk x2  
  151  10:01  Hydralisk  
  151  10:07  Hydralisk  
  151  10:08  Hatchery, Hydralisk  
  151  10:10  Hydralisk x2  
  156  10:17  Hydralisk  
  156  10:21  Overlord  
  158  10:36  Overlord  
  158  10:38  Overlord x3  
Show
View Real Time Build Order
Export as new Build Order

Algernon Protoss 

Build Orders:  

Get SALT Encoding   

  12  0:08  Probe (Chrono Boost)  
  13  0:18  Probe (Chrono Boost)  
  14  0:30  Probe  
  15  0:54  Pylon  
  15  1:12  Probe (Chrono Boost)  
  15  1:13  Pylon  
  16  1:24  Probe (Chrono Boost)  
  17  1:26  Assimilator  
  17  1:30  Probe (Chrono Boost)  
  17  1:31  Assimilator  
  18  1:38  Probe  
  19  1:40  Gateway  
  19  1:43  Forge  
  19  1:48  Pylon  
  19  1:50  Probe  
  20  2:02  Probe (Chrono Boost)  
  21  2:15  Probe (Chrono Boost)  
  23  2:23  Probe (Chrono Boost)  
  23  2:32  Photon Cannon  
  23  2:38  Photon Cannon  
  23  2:45  Photon Cannon  
  23  3:06  Zealot  
  23  3:10  Cybernetics Core  
  25  3:19  Photon Cannon  
  25  3:27  Probe (Chrono Boost)  
  25  3:33  Zealot  
  28  3:38  Probe (Chrono Boost)  
  28  3:40  Gateway  
  29  4:00  Nexus  
  29  4:06  Pylon  
  29  4:14  Pylon  
  29  4:28  Photon Cannon  
  29  4:41  Stalker x2  
  33  4:54  Assimilator  
  33  4:59  Assimilator  
  33  5:11  Stalker x2  
  33  5:13  Probe (Chrono Boost)  
  38  5:24  Probe (Chrono Boost)  
  38  5:29  Probe (Chrono Boost)  
  39  5:40  Probe  
  40  5:49  Photon Cannon  
  40  5:52  Probe (Chrono Boost)  
  41  6:02  Pylon  
  41  6:03  Probe (Chrono Boost)  
  42  6:07  Probe (Chrono Boost)  
  44  6:18  Probe  
  44  6:27  Stalker x2  
  44  6:30  Probe (Chrono Boost)  
  47  6:42  Probe (Chrono Boost)  
  48  6:48  Probe (Chrono Boost)  
  49  6:54  Photon Cannon  
  49  6:57  Stalker x2, Probe  
  54  7:09  Probe  
  55  7:27  Stalker x2  
  59  7:41  Nexus  
  59  7:50  Pylon  
  59  7:57  Stalker x2  
  63  8:27  Stalker  
  45  8:56  Photon Cannon  
  45  8:57  Photon Cannon  
  45  9:00  Photon Cannon  
  39  9:03  Photon Cannon  
  39  9:09  Cybernetics Core  
  34  9:28  Forge  
Show
View Real Time Build Order
Export as new Build Order

lolo Terran 

Build Orders:  

Get SALT Encoding   

  12  0:03  SCV  
  13  0:22  SCV  
  14  0:33  Supply Depot  
  14  0:34  SCV  
  15  0:42  Engineering Bay  
  15  0:51  Refinery  
  15  0:55  SCV  
  16  1:07  SCV  
  17  1:54  SCV  
  18  2:22  Supply Depot  
  18  2:55  Barracks  
  18  3:25  SCV  
  19  3:37  SCV  
  19  3:38  Sensor Tower  
  20  3:47  Marine  
  21  3:49  SCV  
  21  3:53  Factory  
  22  4:01  SCV  
  23  4:04  Marine  
  24  4:16  Barracks  
  24  4:22  Marine  
  24  4:23  Refinery  
  25  4:40  Marine  
  25  4:45  Command Center  
  26  4:56  Factory Tech Lab  
  26  4:57  Starport  
  26  4:58  Marine  
  27  5:16  Marine  
  27  5:34  Marine  
  27  5:35  Armory  
  28  5:49  Command Center  
  28  5:51  Marine  
  29  6:09  Marine  
  30  6:17  Supply Depot  
  30  6:35  SCV  
  30  6:38  Siege Tank  
  34  6:40  Supply Depot  
  34  6:47  SCV  
  28  7:03  Supply Depot  
  24  7:10  Siege Tank  
  24  7:12  SCV  
  28  7:20  Factory  
  28  7:24  SCV  
  28  7:25  Supply Depot  
  29  7:36  SCV  
  30  7:42  Siege Tank  
  30  7:43  SCV  
  34  7:49  Supply Depot, SCV  
  33  7:55  SCV  
  34  8:01  SCV  
  35  8:06  Barracks  
  35  8:11  Supply Depot  
  35  8:13  SCV  
  35  8:14  Missile Turret  
  33  8:33  Missile Turret  
  20  8:53  Missile Turret  
  20  8:56  Marine  
  20  9:00  Cyclone  
  21  9:14  Marine  
  19  9:32  Marine  
  14  9:50  Marine  
Tags
 
Add a new tag
Caveats
  • Supply blocks, unpowered buildings, or Contaminate may cause inaccurate times.
  • Supply counts are checked every 10 seconds.